 Dungeon Crawl Stone Soup version 0.30.1-11-g7821555f0a (webtiles) character file.

Game seed: 16192466623499734273

25 Psyclone the Conjurer (level 2, 15/15 HPs)
             Began as a Deep Elf Conjurer on Nov 7, 2023.
             Quit the game on level 1 of the Dungeon.
             The game lasted 00:03:24 (1453 turns).

Psyclone the Conjurer (Deep Elf Conjurer)           Turns: 1453, Time: 00:03:25

Health: 15/15      AC:  3    Str:  4    XL:     2   Next: 82%
Magic:  8/8        EV: 12    Int: 22    God:
Gold:   16         SH:  0    Dex: 13    Spells: 7/8 levels left

rFire   . . .        e - +2 dagger (elec)
rCold   . . .        (no shield)
rNeg    + . .        a - +0 robe
rPois   .            k - +0 helmet
rElec   .            (no cloak)
rCorr   .            (no gloves)
SInv    .            (no boots)
Will    .....        (no amulet)
Stlth   ++           h - ring of positive energy
HPRegen 0.22/turn    (no ring)
MPRegen 0.11/turn

%: no passive effects
@: mighty, flying
A: no striking features
a: no special abilities


You were on level 1 of the Dungeon.
You visited 1 branch of the dungeon, and saw 1 of its levels.

You collected 16 gold pieces.

Inventory:

Hand Weapons
 e - a +2 dagger of electrocution (weapon)
Armour
 a - a +0 robe (worn)
 k - a +0 helmet (worn)
Magical Staves
 f - a staff of earth
Jewellery
 h - a ring of positive energy (left hand)
Potions
 b - a potion of magic


   Skills:
 - Level 2.4 Dodging
 - Level 2.4 Stealth
 + Level 3.6 Spellcasting
 * Level 5.1 Conjurations


You had 7 spell levels left.
You knew the following spells:

 Your Spells              Type           Power      Damage    Failure   Level
a - Magic Dart            Conj           100%       1d8       1%          1

Your spell library contained the following spells:

 Spells                   Type           Power      Damage    Failure   Level
 Searing Ray              Conj           52%        2d6       2%          2
 Dazzling Flash           Conj/Hex       30%        N/A       12%         3
 Vhi's Electric Charge    Tloc/Air       8%         N/A       34%         3
 Fulminant Prism          Conj/Hex       7%         3d7       38%         4
 Iskenderun's Mystic Bla  Conj/Tloc      15%        2d5       38%         4
 Arcjolt                  Conj/Air       7%         1d17      75%         5
 Plasma Beam              Fire/Air       2%         2x1d13    100%        6


Dungeon Overview and Level Annotations

Branches:
Dungeon (1/15) Zot: 4548

Altars:


Message History

Unknown command.
Casting: Magic Dart (safe; 1% risk of failure)
Confirm with . or Enter, or press ? or * to list all spells.
You can't see any susceptible monsters within range! (Use Z to cast anyway.) Unknown command.
Partly explored, can't reach some items and places.
MP restored: 8 Partly explored, can't reach some items and places.
Partly explored, can't reach some items and places.
There is a staircase leading out of the dungeon here.
h - a ring of positive energy (left hand)
As you read the scroll labelled LECIUZ RIOD, it crumbles to dust.
You feel aware of your surroundings.
It was a scroll of magic mapping.
The air fills with toxic fumes!
As you read the scroll labelled IPLOUW TUGG, it crumbles to dust.
It was a scroll of poison.
Blink to where?
Press: ? - help, Dir - move target Really blink into that cloud of poison gas?
Okay, then.
Blink to where?
Press: ? - help, Dir - move target, f - you Are you sure you want to cancel this blink?
Okay, then.
As you read the scroll labelled YFIUGY HISK, it crumbles to dust.
It was a scroll of blinking.
As you read the scroll labelled BESHOUWE FIXAE, it crumbles to dust.
You feel strangely unstable.
It was a scroll of teleportation.
You start waiting.
Your surroundings suddenly seem different.
You start waiting.
Done waiting.
It was a potion of flight.
You feel very buoyant.
You fly up into the air.
It was a potion of might.
You feel very mighty all of a sudden.
Unknown command.
Unknown command.
Are you sure you want to abandon this character and quit the game? (Confirm with "yes".)

#.#.....# #.#####..#.#.###.#
#.#.###.# #.#####......# #.#
.##.....# ##.......##.#####.#
###.##### ##...#######.....#.#
..#.# ##.....## #.###.#.#
..#.## ##.......## #..##.#.#
#ยง#..####.........####...#.#.#
.##.....'.........'..........#
.##..####.......@.####...#.###
#.#.## ##..)....## ##.##.#
#.#.# ##.....## #####.# ..#.#
##...## #.....# ..#.# ##'##
#.##### #.#(### #.# #.# #.....#
#.# #.# #.#.#.## ##.########.#
#.#....# ##...........#


There were no monsters in sight!

Vanquished Creatures
  2 ball pythons (D:1)
  An endoplasm (D:1)
  A giant cockroach (D:1)
  3 goblins (D:1)
  A hobgoblin (D:1)
  4 jackals (D:1)
  A quokka (D:1)
  3 bats (D:1)
  3 frilled lizards (D:1)
  A kobold (D:1)
  3 rats (D:1)
23 creatures vanquished.

Notes
Turn   | Place    | Note
-------+----------+-------------------------------------------
     0 | D:1      | Psyclone the Deep Elf Conjurer began the quest for the Orb.
     0 | D:1      | Reached XP level 1. HP: 10/10 MP: 6/6
   194 | D:1      | Found a faded altar of an unknown god.
   210 | D:1      | Reached XP level 2. HP: 15/15 MP: 5/8
   768 | D:1      | Reached skill level 5 in Conjurations
  1453 | D:1      | Quit the game

Illustrated notes

Levels and vault maps discovered:
D:1:      dpeg_arrival_brainrot, layout_loops_corners,
          ebering_ecumenical_altar_petrified

Skill      XL: |  1  2 |
---------------+-------+-----
Conjurations   | 5 |  5.1
Dodging        | |  2.4
Stealth        | |  2.4
Spellcasting   | |  3.6

Action                     || total
---------------------------++-------
  Melee: Dagger            ||     2
   Cast: Magic Dart        ||    40
    Use: Scroll            ||     4
         Potion            ||     2
 Armour: Robe              ||     1
  Dodge: Dodged            ||     5
